AoeStats
← ozkanarc373

Arena

511151598Analyzed
3v3 RM · 2h ago on Oct 3, 2026· 43m 2s· 6 players
Game mode
Random Map
Map size
Normal (6 player)
Population
200
Speed
Normal
Resources
Standard
Victory
Conquest
Starting age
Dark Age
Ending age
Imperial Age
RankedLock teamsTeams togetherTeam positionsShared explorationLock speedFull tech treeHidden civsTurbo modeCheats
Victory
Defeat
🇩🇪 Chinese · Germany
1025
+11
🇦🇷 Mongols · Argentina
1000
+12
🇵🇪 Bohemians · Peru
992
+12
🇹🇷 Huns · Türkiye
941
-36
🇹🇷 Goths · Türkiye
941
-39
🇹🇷 Burgundians · Türkiye
860
-28
Pancito
5:39 Loom
9:01 Feudal Age
17:25 Castle Age
15:31 Double-Bit Axe
15:38 Horse Collar
16:39 Gold Mining
19:10 Bloodlines
19:44 Husbandry
20:01 Forging
19:56 Scale Barding Armor
22:25 Wheelbarrow
24:48 Stone Mining
26:17 Hand Cart
25:48 Town Watch
29:32 Iron Casting
29:17 Chain Barding Armor
28:48 Fletching
28:59 Padded Archer Armor
32:55 Imperial Age
32:46 Ballistics
33:04 Elite Mangudai
34:33 Town Patrol
35:14 Leather Archer Armor
38:24 Capped Ram
40:32 Siege Ram
42:01 Drill
42:26 Siege Engineers
43:23 Chemistry
42:27 Caravan
42:25 Bodkin Arrow
43:31 Blast Furnace
42:52 Chain Barding Armor
Simaox
0:29 Loom
10:11 Feudal Age
10:38 Double-Bit Axe
10:36 Horse Collar
18:24 Castle Age
17:48 Wheelbarrow
19:28 Bow Saw
19:57 Gold Mining
19:59 Stone Mining
20:21 Heavy Plow
22:16 Forging
22:06 Scale Mail Armor
23:09 Gold Shaft Mining
23:10 Stone Shaft Mining
23:48 Hand Cart
23:25 Town Watch
23:15 Pikeman
24:14 Fletching
24:25 Padded Archer Armor
25:32 Squires
25:18 Arson
25:56 Chain Mail Armor
27:11 Iron Casting
26:41 Bodkin Arrow
27:17 Leather Archer Armor
31:46 Imperial Age
31:03 Town Patrol
31:51 Ballistics
33:55 Two-Man Saw
33:18 Heavy Scorpion
35:04 Chemistry
34:16 Bracer
35:23 Ring Archer Armor
35:54 Blast Furnace
38:02 Plate Mail Armor
36:57 Elite Chu Ko Nu
37:00 Halberdier
38:25 Conscription
marshall_o18
1:10 Loom
11:10 Feudal Age
16:57 Castle Age
15:25 Double-Bit Axe
32:09 Imperial Age
31:00 Chemistry
29:57 Pikeman
30:22 Arson
32:15 Squires
35:44 Town Watch
41:00 Town Patrol
41:38 Wheelbarrow
42:28 Halberdier
bnoktak1
5:01 Double-Bit Axe
12:21 Feudal Age
14:32 Bow Saw
14:14 Gold Mining
15:40 Gold Shaft Mining
17:05 Horse Collar
19:15 Heavy Plow
21:35 Caravan
21:40 Padded Archer Armor
23:59 Castle Age
22:12 Stone Mining
23:34 Stone Shaft Mining
23:34 Caravan
26:02 Wheelbarrow
26:56 Padded Archer Armor
26:46 Fletching
28:19 Hand Cart
29:38 Hand Cart
29:34 Crossbowman
30:39 Leather Archer Armor
30:19 Bodkin Arrow
31:23 Burgundian Vineyards
35:11 Imperial Age
37:30 Chemistry
CepniBoy
11:31 Feudal Age
13:08 Loom
16:52 Castle Age
15:02 Double-Bit Axe
15:04 Horse Collar
16:26 Stone Mining
16:36 Gold Mining
17:41 Wheelbarrow
21:42 Bow Saw
21:34 Heavy Plow
23:45 Stone Shaft Mining
26:29 Squires
31:01 Scale Mail Armor
31:30 Forging
30:42 Pikeman
32:18 Hand Cart
32:22 Anarchy
36:38 Imperial Age
36:40 Halberdier
37:27 Perfusion
36:49 Elite Huskarl
37:50 Conscription
40:11 Halberdier
ozkanarc373
11:27 Feudal Age
14:11 Double-Bit Axe
18:13 Castle Age
25:38 Bow Saw
25:14 Horse Collar
25:29 Gold Mining
26:23 Wheelbarrow
28:28 Hand Cart
35:28 Scale Barding Armor
39:15 Imperial Age
Connection lost

Rejoining the realm…

Still unreachable

The connection could not be restored.

Session expired

The server has moved on; the page needs a fresh start.